 Dungeon Crawl Stone Soup version 0.18-a0-1195-g77a4f03 (webtiles) character file.

86 Gruud the Chopper (level 4, 0/33 HPs)
             Began as a Demonspawn Gladiator on Jan 29, 2016.
             Slain by a hobgoblin
             ... wielding a +0 club
              (2 damage)
             ... on level 2 of the Dungeon.
             The game lasted 00:07:06 (2877 turns).

Gruud the Chopper (Demonspawn Gladiator)            Turns: 2877, Time: 00:07:07

Health: 0/33       AC:  9    Str: 15    XL:     4   Next: 27%
Magic:  4/4        EV:  7    Int: 11    God:
Gold:   91         SH:  0    Dex: 13    Spells: 0 memorised, 3 levels left

rFire  . . .     SeeInvis .     a - +0 war axe
rCold  . . .     Gourm    .     r - +0 chain mail (curse)
rNeg   . . .     Faith    .     (no shield)
rPois  .         Spirit   .     c - +0 helmet
rElec  .         Dismiss  .     (no cloak)
rCorr  .         Reflect  .     (no gloves)
SustAt .         Harm     .     (no boots)
MR     .....                    (no amulet)
Stlth  ..........               s - ring of wizardry
                                o - ring of stealth

@: not resistant to hostile enchantments, extremely unstealthy
A: hooves 1
a: no special abilities


You were on level 2 of the Dungeon.
You were not hungry.

You visited 1 branch of the dungeon, and saw 3 of its levels.

You collected 91 gold pieces.

Inventory:

Hand Weapons
 a - a +0 war axe (weapon)
Missiles
 d - 3 throwing nets (quivered)
 e - 3 needles of slowing
 n - 10 poisoned needles
Armour
 b - a +0 leather armour
 c - a +0 helmet (worn)
 r - a cursed +0 chain mail (worn)
Jewellery
 o - a ring of stealth (left hand)
 p - an uncursed ring of ice
 s - a ring of wizardry (right hand)
Scrolls
 g - a scroll of random uselessness {unknown}
 i - a scroll of fog {unknown}
 j - a scroll of noise {unknown}
 l - a scroll of immolation
Potions
 m - a potion of lignification
Comestibles
 f - 3 bread rations
 h - 5 fruits
 k - a meat ration
 q - 2 chunks of flesh


   Skills:
 - Level 2.0 Fighting
 - Level 3.2 Axes
 - Level 1.7 Throwing
 - Level 2.6 Dodging
 * Level 3.1 Unarmed Combat


You had 3 spell levels left.
You didn't know any spells.

Dungeon Overview and Level Annotations

Branches:
Dungeon (3/15)

Altars:

Annotations:
D:3 Grinder


Innate Abilities, Weirdness & Mutations

You have large cloven feet.


Message History

You hit the hobgoblin.
You kill the hobgoblin!
The kobold hits you but does no damage.
You are electrocuted!
* * * LOW HITPOINT WARNING * * *
Unknown command.
Drink which item? (? for menu, Esc to quit)
It was a potion of cancellation.
You feel magically purged. The kobold barely misses you.
The orc hits you with a club.
* * * LOW HITPOINT WARNING * * *
You hit the kobold.
You kill the kobold!
You closely miss the orc. The orc hits you but does no damage.
The hobgoblin hits you but does no damage.
The orc hits you but does no damage.
You hit the orc. Your kick misses the orc.
The orc is lightly wounded.
You hit the hobgoblin.
The hobgoblin is moderately wounded.
The hobgoblin hits you with a club.
You die...

####
######...#########
.....'...'.....o@#
####.#...#######g#
#)# .# #.#
####'### #.#
#......# #.#
.......## #.#
......).## #.#
......)..# #.#
..#####..#


You could see an orc and a hobgoblin.

Vanquished Creatures
  2 adders (D:2)
  2 giant geckos
  An orc (D:3)
  A giant cockroach (D:2)
  10 hobgoblins
  10 jackals (D:1)
  3 quokkas (D:2)
  5 bats
  3 giant newts
  4 goblins
  11 kobolds
  9 rats
61 creatures vanquished.

Notes
Turn   | Place    | Note
--------------------------------------------------------------
     0 | D:1      | Gruud the Demonspawn Gladiator began the quest for the Orb.
     0 | D:1      | Reached XP level 1. HP: 16/16 MP: 1/1
   360 | D:1      | Reached skill level 3 in Axes
   379 | D:1      | Gained mutation: You have large cloven feet. [demonic ancestry]
   379 | D:1      | Reached XP level 2. HP: 6/22 MP: 2/2
   921 | D:1      | Reached skill level 1 in Unarmed Combat
  1274 | D:2      | Reached XP level 3. HP: 27/27 MP: 3/3
  2312 | D:2      | Reached XP level 4. HP: 12/33 MP: 4/4
  2863 | D:2      | You fall through a shaft!
  2863 | D:3      | Noticed Grinder
  2877 | D:2      | Slain by a hobgoblin

Vault maps used:
D:1:      roderic_crossed_star, minmay_misc_feat_rows, st_stairs_3, minivault_27
D:2:      grunt_qazlal_clouds, first_bread, hangedman_decor_lopped,
          serial_bayou_lagoon_a
D:3:      nicolae_tso_carved_into_rock, uniq_terence, uniq_grinder, uniq_jessica

Action                   |  1- 3 |  4- 6 || total
-------------------------+-------+-------++-------
Melee: War axe           |   200 |    30 ||   230
  Use: Scroll            |     2 |     1 ||     3
       Potion            |       |     1 ||     1
  Eat: Chunk             |     5 |     2 ||     7
